 Dungeon Sprint DCSS version 0.16.2-12-gd0ad4c3 (webtiles) character file.

0 musteatbrain the Chopper (level 3, -1/36 HPs)
             Began as a Minotaur Berserker on Oct 15, 2015.
             Was a Believer of Trog.
             Killed from afar by an orc wizard (7 damage)
             ... with a puff of flame
             ... in the Dungeon (Sprint VI: "Thunderdome").
             The game lasted 00:00:59 (75 turns).

musteatbrain the Chopper (Minotaur Berserker)         Turns: 75, Time: 00:00:59

Health: -1/36      AC:  2    Str: 21    XL:     3   Next: 0%
Magic:  2/2        EV: 12    Int:  4    God:    Trog [**....]
Gold:   0          SH:  0    Dex: 10    Spells: 0 memorised, 2 levels left

rFire  . . .     SeeInvis .     a - +0 hand axe
rCold  . . .     Clarity  .     b - +0 animal skin
rNeg   . . .     SustAb   .     (no shield)
rPois  .         Gourm    .     (helmet restricted)
rElec  .         Spirit   .     (no cloak)
rCorr  .         Warding  .     (no gloves)
rMut   .         NoTele   +     (no boots)
MR     ++...                    (no amulet)
Stlth  +.........               (no ring)
                                (no ring)

@: exhausted, regenerating, slowed, very slow, very resistant to hostile
enchantments, very unstealthy
A: retaliatory headbutt, horns 2
a: Burn Spellbooks, Berserk, Trog's Hand, Renounce Religion


You were in the Dungeon.
You worshipped Trog.
Trog was pleased with you.
You were not hungry.

You visited 1 branch

Inventory:

Hand weapons
 a - a +0 hand axe (weapon)
Armour
 b - a +0 animal skin (worn)
Scrolls
 i - a scroll of blinking
Potions
 d - a potion of curing
 e - a potion of heal wounds
 f - a potion of haste
 g - 2 potions of magic
 h - a potion of berserk rage
Comestibles
 c - a bread ration
 j - a chunk of flesh


   Skills:
 + Level 5.4 Fighting
 * Level 6.9 Axes
 - Level 2.4 Armour
 - Level 2.1 Dodging


You had 2 spell levels left.
You didn't know any spells.

Dungeon Overview and Level Annotations

Branches:
Dungeon (1/1)

Altars:
Cheibriados
Fedhas
Kikubaaqudgha
Makhleb
Okawaru
Ru
Trog
Vehumet
Xom
Yredelemnul
Zin
The Shining One
Lugonu

Shops:
D *[%???:(


Innate Abilities, Weirdness & Mutations

You reflexively headbutt those who attack you in melee.
You have a pair of horns on your head.


Message History

The orc wizard is severely wounded.
You hit the hound.
The hound is almost dead.
You feel the effects of Trog's Hand fading.
The orc wizard gestures wildly while chanting.
You feel a wave of unholy energy pass over you.
The hound bites you.
* * * LOW HITPOINT WARNING * * *
The orc wizard hits you with a dagger.
* * * LOW HITPOINT WARNING * * *
The hound barely misses you.
You barely miss the orc wizard.
The orc wizard is severely wounded.
You hit the hound but do no damage.
The hound is almost dead.
The orc wizard hits you but does no damage.
The hound barely misses you.
The orc wizard gestures at you while chanting.
The puff of flame hits you!
You die...

##### ##⌠⌠⌠## #.....#
##.....## ##∩.....∩##
#∩.......∩# #_....o.._#
#_....@...# #_...h..._#
###..%......###
#⌠...........⌠#
######.8.........8.#
##∩___......###......_
###∩........8.# .8.....
#.............###......
⌠..........###...###..


You could see a hound and an orc wizard.

Vanquished Creatures
  A worker ant (D)
  2 giant cockroaches (D)
  A kobold (D)
4 creatures vanquished.

Notes
Turn   | Place    | Note
--------------------------------------------------------------
     0 | D        | musteatbrain, the Minotaur Berserker, began the quest for the Orb.
     0 | D        | Reached XP level 1. HP: 19/19 MP: 1/1
     1 | D        | Found a snail-covered altar of Cheibriados.
     1 | D        | Found a glowing golden altar of the Shining One.
     3 | D        | Found an iron altar of Okawaru.
     3 | D        | Found a glowing silver altar of Zin.
     4 | D        | Found Jiemme Twio's Advanced Armour.
     4 | D        | Found Kaohil's Identification Station.
     4 | D        | Found a bloodstained altar of Trog.
     4 | D        | Found a shimmering altar of Xom.
     5 | D        | Found a burning altar of Makhleb.
     5 | D        | Round 1.
     6 | D        | Found Kuwomn's Jewellery.
     6 | D        | Found Gradab's Bee Food.
    27 | D        | Found a corrupted altar of Lugonu.
    30 | D        | Found an ancient bone altar of Kikubaaqudgha.
    33 | D        | Noticed a worker ant
    33 | D        | Found a basalt altar of Yredelemnul.
    33 | D        | Found Kuivvao's Magic Scroll Shop.
    33 | D        | Found Wousob's Magic Scroll Shop.
    35 | D        | Found a sacrificial altar of Ru.
    36 | D        | Found a blossoming altar of Fedhas.
    36 | D        | Found Fohearic's Staff Store.
    36 | D        | Found Naebup's Must-Have Magic.
    37 | D        | Reached skill level 4 in Axes
    43 | D        | Killed a worker ant
    43 | D        | Reached skill level 5 in Fighting
    43 | D        | Reached skill level 6 in Axes
    43 | D        | Reached XP level 2. HP: 17/29 MP: 1/1
    61 | D        | Acquired Trog's second power
    62 | D        | Found a radiant altar of Vehumet.
    72 | D        | Reached XP level 3. HP: 22/36 MP: 2/2
    75 | D        | Killed from afar by an orc wizard

Action                   || total
-------------------------++-------
Melee: Hand axe          ||     9
Invok: Berserk           ||     1
       Trog's Hand       ||     1
